AoeStats
← T@n0 Loc0-!

Black Forest

509245139Analyzed
3v3 RM · 6d ago on Sep 26, 2026· 47m 49s· 6 players
Game mode
Random Map
Map size
Normal (6 player)
Population
200
Speed
Normal
Resources
Standard
Victory
Conquest
Starting age
Dark Age
Ending age
Imperial Age
RankedLock teamsTeams togetherTeam positionsShared explorationLock speedFull tech treeHidden civsTurbo modeCheats
Victory
Defeat
🇨🇱 Teutons · Chile
1026
+15
🇨🇱 Britons · Chile
1021
+15
🇨🇱 Italians · Chile
963
+18
🇦🇷 Jurchens · Argentina
1050
-17
🇺🇸 Danes · United States
995
-16
🇲🇽 Britons · Mexico
967
-15
T@n0 Loc0-!
7:31 Loom
10:50 Feudal Age
11:22 Double-Bit Axe
11:23 Horse Collar
16:40 Castle Age
17:59 Bow Saw
17:39 Town Watch
19:44 Heavy Plow
25:33 Wheelbarrow
24:54 Gold Mining
25:18 Town Patrol
25:36 Stone Mining
26:22 Gold Shaft Mining
31:36 Imperial Age
29:56 Stone Shaft Mining
29:31 Scale Barding Armor
29:17 Fletching
29:31 Padded Archer Armor
30:27 Forging
30:38 Chain Barding Armor
31:20 Hand Cart
33:37 Chemistry
32:58 Ballistics
33:01 Siege Engineers
32:38 Treadmill Crane
34:29 Scale Mail Armor
35:05 Iron Casting
34:26 Bodkin Arrow
35:09 Masonry
35:40 Squires
35:46 Elite Fire Lancer
40:09 Blast Furnace
39:26 Chain Mail Armor
39:46 Plate Barding Armor
41:05 Thunderclap Bombs
41:17 Conscription
41:35 Hoardings
41:57 Elite Iron Pagoda
Lord_Devil
3:51 Loom
14:05 Feudal Age
16:49 Wheelbarrow
16:03 Double-Bit Axe
18:47 Castle Age
16:48 Stone Mining
17:17 Scale Mail Armor
17:32 Gold Mining
19:10 Forging
20:58 Hand Cart
28:33 Horse Collar
29:18 Bow Saw
29:47 Caravan
33:07 Heavy Plow
32:53 Light Cavalry
33:03 Hamask
35:08 Gold Shaft Mining
34:25 Gambesons
34:42 Squires
34:28 Arson
35:23 Man-at-Arms
35:27 Pikeman
39:13 Imperial Age
39:19 Imperial Age
36:15 Man-at-Arms
37:53 Chain Mail Armor
38:14 Iron Casting
38:53 Light Cavalry
39:11 Long Swordsman
41:02 Conscription
40:06 Elite Varangian Guard
45:21 Padded Archer Armor
47:22 Fletching
jpflores96
1:48 Loom
13:24 Feudal Age
17:51 Castle Age
17:12 Double-Bit Axe
19:04 Bow Saw
20:11 Wheelbarrow
24:28 Fletching
24:38 Padded Archer Armor
26:15 Yeomen
25:57 Bodkin Arrow
26:17 Leather Archer Armor
27:02 Hand Cart
29:22 Caravan
29:52 Coinage
31:57 Gold Mining
31:57 Stone Mining
46:13 Imperial Age
46:27 Ballistics
diego02041989
9:13 Loom
12:41 Feudal Age
14:01 Wheelbarrow
13:44 Double-Bit Axe
13:40 Horse Collar
14:03 Gold Mining
18:39 Castle Age
20:29 Hand Cart
24:44 Crossbowman
26:41 Fletching
28:02 Ballistics
29:37 Bodkin Arrow
31:06 Padded Archer Armor
32:00 Gold Shaft Mining
31:16 Stone Mining
34:20 Imperial Age
34:23 Arbalester
35:06 Bracer
35:22 Leather Archer Armor
36:18 Chemistry
36:56 Caravan
39:31 Yeomen
39:33 Conscription
44:57 Warwolf
47:19 Siege Engineers
elcalientamadres202
0:34 Loom
13:34 Feudal Age
14:17 Horse Collar
14:24 Double-Bit Axe
16:38 Gold Mining
20:12 Wheelbarrow
23:54 Castle Age
23:20 Bloodlines
23:26 Stone Mining
24:58 Bow Saw
24:51 Heavy Plow
28:26 Light Cavalry
29:55 Silk Road
30:53 Scale Barding Armor
32:21 Caravan
34:03 Husbandry
38:21 Imperial Age
38:47 Padded Archer Armor
38:38 Fletching
39:29 Thumb Ring
38:47 Crossbowman
40:34 Chemistry
39:55 Ballistics
41:18 Two-Man Saw
39:59 Arbalester
41:21 Hand Cart
41:22 Hussar
Paquesito
0:31 Loom
13:38 Feudal Age
14:55 Wheelbarrow
18:46 Castle Age
17:03 Double-Bit Axe
17:54 Horse Collar
18:56 Forging
18:51 Scale Barding Armor
19:57 Heavy Plow
27:59 Gold Mining
28:24 Scale Mail Armor
29:02 Stone Mining
30:19 Hand Cart
29:53 Town Watch
31:31 Masonry
31:42 Ballistics
34:37 Imperial Age
32:29 Town Patrol
32:53 Fortified Wall
33:24 Ironclad
34:12 Chain Barding Armor
34:07 Chain Mail Armor
34:28 Iron Casting
34:08 Caravan
36:29 Chemistry
35:42 Bow Saw
36:04 Crop Rotation
36:14 Stone Shaft Mining
36:25 Conscription
38:03 Plate Barding Armor
38:28 Blast Furnace
37:38 Fletching
37:54 Siege Engineers
37:15 Capped Ram
39:13 Coinage
38:53 Guilds
39:10 Cavalier
40:06 Bloodlines
40:45 Paladin
43:37 Plate Mail Armor
47:39 Arson
47:55 Squires
47:40 Gambesons
Connection lost

Rejoining the realm…

Still unreachable

The connection could not be restored.

Session expired

The server has moved on; the page needs a fresh start.